 Dungeon Crawl Stone Soup version 0.25-a0-890-g62861fb195 (webtiles) character file.

Game seed: 4608874647869464114, levelgen mode: deterministic

432 Error4North the Chopper (level 7, -5/67 HPs)
             Began as a Hill Orc Fighter on May 2, 2020.
             Slain by an orc priest
             ... wielding a +0 flail
              (6 damage)
             ... on level 3 of the Dungeon.
             The game lasted 00:07:31 (2188 turns).

Error4North the Chopper (Hill Orc Fighter)          Turns: 2188, Time: 00:07:32

Health: -5/67      AC: 14    Str: 21    XL:     7   Next: 0%
Magic:  7/7        EV:  4    Int:  8    God:
Gold:   159        SH: 10    Dex: 10    Spells: 6/6 levels left

rFire    + . .     SeeInvis .   a - +0 war axe
rCold    . . .     Gourm    .   c - +0 kite shield
rNeg     . . .     Faith    .   i - +1 plate armour
rPois    .         Spirit   .   h - +0 helmet
rElec    .         Reflect  .   (no cloak)
rCorr    .         Harm     .   (no gloves)
MR       .....                  (no boots)
Stlth    ..........             (no amulet)
HPRegen  0.21/turn              (no ring)
MPRegen  0.10/turn              (no ring)

@: no status effects
A: blurry vision 1, fire resistance 1, robust 1
a: Convert to Beogh


You were on level 3 of the Dungeon.
You were not hungry.

You visited 1 branch of the dungeon, and saw 3 of its levels.

You collected 159 gold pieces.

Inventory:

Hand Weapons
 a - a +0 war axe (weapon)
Missiles
 n - 4 boomerangs (quivered)
Armour
 c - a +0 kite shield (worn)
 h - a +0 helmet (worn)
 i - a +1 plate armour (worn)
Jewellery
 m - an uncursed amulet of faith {unknown}
Scrolls
 b - a scroll of immolation {unknown}
 e - a scroll of enchant armour
 j - 2 scrolls of fog {unknown}
 p - a scroll of remove curse {unknown}
 q - a scroll of fear {unknown}
 r - a scroll of random uselessness {unknown}
 s - 2 scrolls of teleportation {unknown}
 u - 3 scrolls of identify {unknown}
Potions
 d - a potion of might
 k - a potion of curing {unknown}
 l - a potion of mutation
 o - a potion of magic {unknown}
 t - a potion of berserk rage {unknown}
Comestibles
 f - 11 rations


   Skills:
 * Level 5.0 Fighting
 + Level 5.4 Axes
 * Level 4.7 Armour
 + Level 0.3 Dodging
 + Level 0.5 Stealth
 * Level 5.3 Shields


You had 6 spell levels left.
You didn't know any spells.
Your spell library contained the following spells:

 Spells                   Type           Power        Failure   Level  Hunger
 Animate Skeleton         Necr           N/A          100%        1    ##.....
 Apportation              Tloc           #.....       100%        1    ##.....
 Corona                   Hex            #......      100%        1    ##.....
 Summon Small Mammal      Summ           #...         100%        1    ##.....


Dungeon Overview and Level Annotations

Branches:
Dungeon (3/15)

Altars:


Innate Abilities, Weirdness & Mutations

Scrolls take you a little longer to read.
Your flesh is heat resistant. (rF+)
You are robust. (+10% HP)


Message History

The orc priest is lightly wounded.
You block the orc priest's attack.
All of the chunks of flesh in your inventory have rotted away.
You hit the orc priest but do no damage.
The orc priest is lightly wounded.
The orc priest mumbles some strange prayers to Beogh against you.
Pain shoots through your body!
* * * LOW HITPOINT WARNING * * *
You closely miss the orc priest.
The orc priest is lightly wounded.
The orc priest invokes the aid of Beogh against you.
Pain shoots through your body!
* * * LOW HITPOINT WARNING * * *
The orc priest mumbles some strange prayers to Beogh against you.
Pain shoots through your body!
* * * LOW HITPOINT WARNING * * *
It was a potion of mutation.
You feel extremely strange.
Your vision blurs.
You feel resistant to heat.
You feel robust.
The orc priest hits you with a +0 flail.
You die...

###.#########.#.#
#.#
...............>#
#.#
#.#..######.#.###
#.#
#.##[##.......# #
#..#.###.### #
##.#.# #.# # #.#.#
#.# #
#...###.########.#
#
##........[)@o...#
#
#.####.##########
# #.## #.# # #..#
#.# ##.###.#
#..##.# ##.##.#
#.##.#
####..#.########


You could see an orc priest.

Vanquished Creatures
  Sigmund (D:2)
  A black bear (D:3)
  An orc priest (D:3)
  An orc wizard (D:3)
  3 gnolls
  2 adders
  An adder skeleton (D:2)
  A dart slug (D:1)
  3 leopard geckos
  11 orcs (D:3)
  7 bats
  4 giant cockroaches
  7 goblins
  5 hobgoblins
  11 jackals
  A quokka (D:2)
  2 frilled lizards (D:1)
  6 kobolds
  9 rats
77 creatures vanquished.

Notes
Turn   | Place    | Note
-------+----------+-------------------------------------------
     0 | D:1      | Error4North the Hill Orc Fighter began the quest for the
                  | Orb.
     0 | D:1      | Reached XP level 1. HP: 19/19 MP: 1/1
   153 | D:1      | Reached XP level 2. HP: 27/27 MP: 2/2
   711 | D:1      | Reached XP level 3. HP: 33/33 MP: 3/3
   809 | D:2      | Noticed Sigmund
   834 | D:2      | Killed Sigmund
   834 | D:2      | Reached XP level 4. HP: 34/41 MP: 4/4
   834 | D:2      | Reached XP level 5. HP: 39/47 MP: 5/5
  1125 | D:2      | You fall into a shaft and drop 1 floor!
  1234 | D:3      | Reached XP level 6. HP: 52/53 MP: 6/6
  1734 | D:3      | Noticed a black bear
  1755 | D:3      | Killed a black bear
  1755 | D:3      | Reached skill level 5 in Shields
  2027 | D:3      | Reached skill level 5 in Fighting
  2030 | D:3      | Reached skill level 5 in Axes
  2179 | D:3      | Reached XP level 7. HP: 45/61 MP: 7/7
  2187 | D:3      | HP: 3/61 [orc priest/nerve-wracking pain (14)]
  2187 | D:3      | HP: 1/61 [orc priest/nerve-wracking pain (2)]
  2188 | D:3      | Gained mutation: Scrolls take you a little longer to read.
                  | [potion of mutation]
  2188 | D:3      | Gained mutation: Your flesh is heat resistant. (rF+)
                  | [potion of mutation]
  2188 | D:3      | Gained mutation: You are robust. (+10% HP) [potion of
                  | mutation]
  2188 | D:3      | Slain by an orc priest

Levels and vault maps discovered:
D:1:      dpeg_arrival_ternary, layout_basic, minmay_small_reverse_x
D:2:      layout_rooms, uniq_sigmund
D:3:      layout_basic, chequers_ecumenical_altar_simple, dk_noncrumbling_4

Skill      XL: |  1  2  3  4  5  6 |
---------------+-------------------+-----
Fighting       | 4 5 |  5.0
Shields        | 4 5 |  5.3
Axes           | 4 5 |  5.4
Armour         | 4 |  4.7
Dodging        | |  0.3
Stealth        | |  0.5

Action                   |  1- 3 |  4- 6 |  7- 9 || total
-------------------------+-------+-------+-------++-------
Melee: War axe           |    96 |   175 |     7 ||   278
  Use: Scroll            |     1 |       |       ||     1
       Potion            |     1 |     2 |     1 ||     4
 Stab: Invisible         |       |     4 |       ||     4
  Eat: Chunk             |       |     5 |       ||     5
Armor: Scale mail        |    20 |       |       ||    20
       Plate armour      |    32 |   136 |       ||   168
Dodge: Dodged            |    30 |    37 |       ||    67
Block: Kite shield       |    61 |   132 |     3 ||   196

Table legend:
 A = Non-vault XP
 B = Vault XP
 C = Vault XP percentage of total XP
 D = Non-vault monster count
 E = Vault monster count
 F = Vault count percentage of total count
                 A         B        C        D         E       F
            +---------+---------+-------+---------+---------+-------
      Total |     405 |     213 |  34.5 |      72 |       5 |   6.5
            +---------+---------+-------+---------+---------+-------
        D:1 |      55 |       8 |  12.7 |      16 |       4 |  20.0
        D:2 |      76 |     205 |  73.0 |      28 |       1 |   3.4
        D:3 |     274 |       0 |   0.0 |      28 |       0 |   0.0
            +---------+---------+-------+---------+---------+-------
